 Dungeon Sprint DCSS version 0.21.2 (webtiles) character file.

6443 sanboga the Severer (level 10, 0/75 HPs)
             Began as a Gargoyle Berserker on Oct 1, 2018.
             Was a High Priest of Trog.
             Slain by a sphinx (7 damage)
             ... in the Dungeon (Sprint II: "The Violet Keep of Menkaure").
             The game lasted 00:05:13 (1947 turns).

sanboga the Severer (Gargoyle Berserker)            Turns: 1947, Time: 00:05:13

Health: 0/75       AC: 25    Str: 23    XL:     10   Next: 99%
Magic:  10/10      EV: 10    Int:  9    God:    Trog [*****.]
Gold:   445        SH:  0    Dex:  9    Spells: 9/9 levels left

rFire    + + .     SeeInvis .   c - +5 battleaxe (elec)
rCold    . . .     Gourm    .   (shield currently unavailable)
rNeg     + . .     Faith    .   n - +0 scale mail
rPois    ∞         Spirit   .   l - +1 helmet of Repulsion {rPois rF++}
rElec    +         Reflect  .   m - +1 cloak
rCorr    .         Harm     .   (no gloves)
MR       .....     NoTele   +   k - +2 pair of boots of Tirgh {+Blink rPois}
Stlth    ..........             (no amulet)
HPRegen  0.22/turn              r - ring of flight
MPRegen  0.12/turn              (no ring)

@: berserk cooldown, slowed, very slow
A: hooves 1, negative energy resistance 1, electricity resistance, unbreathing,
petrification resistance, rot immunity, AC +7
a: Berserk, Trog's Hand, Brothers in Arms, Burn Spellbooks, Renounce Religion,
Evoke Blink, Evoke Flight


You were in the Dungeon.
You worshipped Trog.
Trog was extremely pleased with you.
You were very hungry.

You visited 1 branch You collected 1139 gold pieces.
You spent 694 gold pieces at shops.

Inventory:

Hand Weapons
 c - a +5 battleaxe of electrocution (weapon)
Armour
 k - the +2 pair of boots of Tirgh (worn) {+Blink rPois}
   (You bought it in a shop in the Dungeon)

   It protects you from poison.
   It lets you blink.
 l - the +1 helmet of Repulsion (worn) {rPois rF++}
   (You bought it in a shop in the Dungeon)

   It greatly protects you from fire.
   It protects you from poison.
 m - a +1 cloak (worn)
 n - a +0 scale mail (worn)
Jewellery
 r - a ring of flight (left hand)
Scrolls
 f - a scroll of remove curse
 i - 2 scrolls of blinking
 j - a scroll of identify
 o - a scroll of fear
 q - a scroll of enchant weapon
 s - a scroll of enchant armour
Potions
 d - 2 potions of curing
 e - 4 potions of resistance
 g - 5 potions of magic
 h - 2 potions of berserk rage
 t - a potion of haste
 u - 3 potions of flight
Comestibles
 a - a chunk of flesh
 b - 6 rations


   Skills:
 + Level 14.1 Fighting
 * Level 16.1 Axes
 + Level 13.9 Armour
 - Level 1.5 Dodging


You had 9 spell levels left.
You didn't know any spells.

Dungeon Overview and Level Annotations

Branches:
Dungeon (1/1)

Altars:
Cheibriados
Dithmenos
Elyvilon
Fedhas
Gozag
Hepliaklqana
Kikubaaqudgha
Makhleb
Nemelex Xobeh
Okawaru
Qazlal
Ru
Sif Muna
Trog
Uskayaw
Vehumet
Wu Jian
Xom
Yredelemnul
Zin
The Shining One
Beogh
Jiyva
Lugonu

Shops:
D *:}:=?[!!=(}!%[%

Annotations:
D exclusion: oklob plant


Innate Abilities, Weirdness & Mutations

You are resistant to torment.
Your stone body is resilient. (AC +7)
You are immune to poison.
You resist negative energy. (rN+)
You are resistant to electric shocks. (rElec)
You can survive without breathing.
You are immune to petrification.
You are immune to rotting.
You have large cloven feet.


Message History

Something smites you!
* * * LOW HITPOINT WARNING * * *
You completely miss the sphinx.
The sphinx is heavily wounded.
You slash the sphinx! Lightning courses through the sphinx!
You kill the sphinx!
Trog accepts your kill.
Trog appreciates your killing of a magic user.
Trog will gift you weapons as you gain piety.
Your Fighting skill increases to level 14!
Your Axes skill increases to level 16!
The sphinx hits you.
* * * LOW HITPOINT WARNING * * *
The sphinx hits you but does no damage. x2
The sphinx mumbles some strange words.
You barely resist. You slash the sphinx! Lightning courses through the sphinx!
The sphinx is severely wounded.
The sphinx hits you!
You die...

#)#▓)...?(..▓▓,,,*,*,*≈,,≈*,*
(##▓▓▓▓▓▓▓'▓▓▓▓+▓*,***≈,,≈***
≈≈≈≈≈≈≈≈≈≈...≈≈≈▓,,,,,,,,**
########)###.≈≈≈▓,,,,,,,**
...._._#§†§##≈≈≈▓,,,,,,**
..._._.#§§§§####▓▓▓▓▓≈**
.._._._#≈≈§§§##..#$$▓≈*
._._._.#§§≈§§§#§.#$.▓≈*
_._._._#≈§§§§§'§@H$$▓≈*
._._._.#≈≈§≈§≈#§†#$.▓≈*
_._._..#§§≈§§§▓..#$$▓≈*
._._._.#≈§≈≈▓▓▓▓▓▓▓▓▓≈*
*#######≈≈≈§▓,,,≈≈≈≈≈≈*
≈≈≈≈≈≈≈≈≈≈≈§▓z,,≈≈≈≈≈≈*
**######≈▓▓▓▓▓****≈≈≈≈*
*,,,,,,#▓*≈≈≈≈≈≈≈**≈≈≈*
*,,,,,,**≈≈≈≈≈≈≈≈≈**≈≈*


You could see a sphinx.

Vanquished Creatures
  A sphinx (D)
  A kraken (D)
  2 deep trolls (D)
  2 polar bears (D)
  A hornet (D)
  2 hippogriffs (D)
  4 neqoxecs (D)
  Menkaure (D)
  3 crocodiles (D)
  A hell rat (D)
  4 worker ants (D)
  4 tentacles (D)
26 creatures vanquished.

Vanquished Creatures (collateral kills)
  A yaktaur (D)
  A polar bear (D)
2 creatures vanquished.

Vanquished Creatures (others)
  A crocodile (D)
  7 tentacles (D)
8 creatures vanquished.

Grand Total: 36 creatures vanquished

Notes
Turn   | Place    | Note
-------+----------+-------------------------------------------
     0 | D        | sanboga the Gargoyle Berserker began the quest for the Orb.
     0 | D        | Reached XP level 1. HP: 14/14 MP: 1/1
     1 | D        | Noticed a neqoxec
     8 | D        | Noticed an iron imp
     8 | D        | Noticed an iron imp
    12 | D        | Killed a neqoxec
    12 | D        | Reached skill level 7 in Axes
    12 | D        | Reached skill level 5 in Armour
    12 | D        | Reached XP level 2. HP: 7/23 MP: 2/2
    12 | D        | Reached XP level 3. HP: 9/28 MP: 3/3
    12 | D        | Reached XP level 4. HP: 10/32 MP: 4/4
    12 | D        | Reached XP level 5. HP: 12/37 MP: 5/5
    38 | D        | Killed a crocodile
   246 | D        | Noticed a neqoxec
   247 | D        | Noticed a neqoxec
   247 | D        | Noticed a neqoxec
   249 | D        | Gained mutation: You have large cloven feet. [a neqoxec]
   254 | D        | Killed a neqoxec
   254 | D        | Reached ** piety under Trog
   254 | D        | Reached skill level 8 in Axes
   254 | D        | Reached XP level 6. HP: 44/44 MP: 6/6
   257 | D        | Killed a neqoxec
   257 | D        | Reached skill level 9 in Axes
   263 | D        | Killed a neqoxec
   263 | D        | Reached skill level 10 in Axes
   263 | D        | Reached XP level 7. HP: 50/50 MP: 7/7
   310 | D        | Noticed a tyrant leech
   310 | D        | Noticed a tyrant leech
   337 | D        | Reached *** piety under Trog
   535 | D        | Noticed a hippogriff
   535 | D        | Noticed a hippogriff
   542 | D        | Killed a hippogriff
   542 | D        | Reached skill level 11 in Axes
   548 | D        | Killed a hippogriff
   548 | D        | Reached **** piety under Trog
   548 | D        | Reached skill level 10 in Fighting
   548 | D        | Reached XP level 8. HP: 49/57 MP: 8/8
   675 | D        | Found Beusomat's Food Emporium.
   675 | D        | Found Nuocisodgh's Food Emporium.
   675 | D        | Found Jeceritula's Jewellery Shoppe.
   675 | D        | Found Upraimah's Distillery.
   675 | D        | Found Maeru's Antique Armour Shoppe.
   675 | D        | Found Siotzion's Distillery.
   675 | D        | Found Galuampeb's Gadget Emporium.
   675 | D        | Found Bedaoqo's Distillery.
   676 | D        | Found Nooffad's Antique Armour Emporium.
   676 | D        | Found Xakhlovuepp's Magic Scroll Shoppe.
   676 | D        | Found Cunk's Jewellery Shoppe.
   677 | D        | Found Gunes's Antique Weapon Emporium.
   678 | D        | Found Ahuzom's Book Shoppe.
   678 | D        | Found Kauble's Gadget Emporium.
   678 | D        | Noticed Menkaure
   678 | D        | Noticed an oklob plant
   679 | D        | Found Nymaepru's General Store.
   679 | D        | Found Bile Ehupnugh's Book Shoppe.
   682 | D        | Noticed a hell hog
   683 | D        | Noticed a hell hog
   684 | D        | Noticed a hippogriff
   685 | D        | Noticed a hippogriff
   685 | D        | Noticed a hippogriff
   696 | D        | Killed Menkaure
   696 | D        | Reached skill level 10 in Armour
   705 | D        | Bought a pair of bloodstained boots for 190 gold pieces
   713 | D        | Bought a fine helmet for 237 gold pieces
   713 | D        | Bought a glowing cloak for 187 gold pieces
   719 | D        | Bought a scale mail for 80 gold pieces
   733 | D        | Identified the +2 pair of boots of Tirgh {+Blink rPois} (You bought it in a shop in the Dungeon)
   738 | D        | Identified the +1 helmet of Repulsion {rPois rF++} (You bought it in a shop in the Dungeon)
  1007 | D        | Noticed a flying skull
  1008 | D        | Noticed a flying skull
  1010 | D        | Noticed a flying skull
  1013 | D        | Noticed a flying skull
  1016 | D        | Noticed a flying skull
  1017 | D        | Noticed a flying skull
  1018 | D        | Noticed a flying skull
  1018 | D        | Noticed a flying skull
  1018 | D        | Noticed a flying skull
  1019 | D        | Noticed a flying skull
  1019 | D        | Noticed a flying skull
  1020 | D        | Noticed a flying skull
  1029 | D        | Found a roughly hewn altar of Beogh.
  1031 | D        | Found a snail-covered altar of Cheibriados.
  1031 | D        | Found a hazy altar of Hepliaklqana.
  1032 | D        | Found a shadowy altar of Dithmenos.
  1032 | D        | Found a viscous altar of Jiyva.
  1032 | D        | Found a stormy altar of Qazlal.
  1035 | D        | Found a white marble altar of Elyvilon.
  1035 | D        | Found an ancient bone altar of Kikubaaqudgha.
  1036 | D        | Found a blossoming altar of Fedhas.
  1036 | D        | Found a corrupted altar of Lugonu.
  1036 | D        | Found a deep blue altar of Sif Muna.
  1037 | D        | Found an opulent altar of Gozag.
  1037 | D        | Found a burning altar of Makhleb.
  1037 | D        | Found a bloodstained altar of Trog.
  1038 | D        | Found a sparkling altar of Nemelex Xobeh.
  1038 | D        | Found a hide-covered altar of Uskayaw.
  1040 | D        | Found an iron altar of Okawaru.
  1040 | D        | Found a radiant altar of Vehumet.
  1040 | D        | Found a glowing silver altar of Zin.
  1041 | D        | Noticed a yaktaur
  1041 | D        | Noticed a hornet
  1041 | D        | Noticed a polar bear
  1042 | D        | Noticed a polar bear
  1044 | D        | Noticed a polar bear
  1054 | D        | Killed a polar bear
  1054 | D        | Reached skill level 12 in Axes
  1070 | D        | Killed a hornet
  1080 | D        | Killed a polar bear
  1081 | D        | Killed a yaktaur
  1081 | D        | Reached XP level 9. HP: 41/64 MP: 9/9
  1114 | D        | Killed a polar bear
  1114 | D        | Reached skill level 13 in Axes
  1153 | D        | Found a basalt altar of Yredelemnul.
  1160 | D        | Noticed a kraken
  1490 | D        | Killed a kraken
  1490 | D        | Reached ***** piety under Trog
  1490 | D        | Reached skill level 14 in Axes
  1490 | D        | Reached XP level 10. HP: 72/72 MP: 10/10
  1572 | D        | Found a shimmering altar of Xom.
  1572 | D        | Found a sacrificial altar of Ru.
  1577 | D        | Found a glowing golden altar of the Shining One.
  1577 | D        | Found an ornate altar of the Wu Jian Council.
  1607 | D        | Received a gift from Trog
  1744 | D        | Noticed a deep troll
  1745 | D        | Noticed a deep troll
  1748 | D        | Killed a deep troll
  1748 | D        | Reached skill level 15 in Axes
  1752 | D        | Killed a deep troll
  1928 | D        | Noticed a sphinx
  1928 | D        | Noticed a sphinx
  1933 | D        | Paralysed by a sphinx for 6 turns
  1946 | D        | Killed a sphinx
  1946 | D        | Reached skill level 16 in Axes
  1947 | D        | Slain by a sphinx

Skill      XL: |  1  2  3  4  5  6  7  8  9 10 |
---------------+-------------------------------+-----
Fighting       | 6 7 8 10 11 12 14 | 14.1
Axes           | 7 8 10 11 12 14 16 | 16.1
Armour         | 5 7 8 9 10 12 13 | 13.9
Dodging        | |  1.5

Action                   |  1- 3 |  4- 6 |  7- 9 | 10-12 || total
-------------------------+-------+-------+-------+-------++-------
Melee: Hand axe          |     9 |    15 |   174 |    29 ||   227
       Kick              |       |     5 |    16 |       ||    21
       Battleaxe         |       |       |       |    15 ||    15
Invok: Berserk           |     1 |     1 |     3 |     1 ||     6
       Brothers in Arms  |       |       |     1 |     1 ||     2
  Use: Scroll            |       |       |     8 |       ||     8
       Potion            |       |       |     2 |     1 ||     3
  Eat: Chunk             |       |       |     2 |       ||     2
       Ration            |       |       |     1 |     1 ||     2
Armor: Animal skin       |       |       |    11 |       ||    11
       Scale mail        |       |       |    98 |    58 ||   156
Dodge: Dodged            |     7 |     1 |    92 |    19 ||   119
